 Dungeon Crawl Stone Soup version 0.16-a0-3521-gb1b4986 (webtiles) character file.

85251 PolkaDot the Brawler (level 15, -7/139 HPs)
             Began as a Yellow Draconian Monk on Jan 7, 2015.
             Was a High Priest of Okawaru.
             Killed by divine providence
             ... invoked by a smoke demon
              (12 damage)
             ... on level 3 of the Abyss.
             The game lasted 01:40:25 (35310 turns).

PolkaDot the Brawler (Yellow Draconian Monk)       Turns: 35310, Time: 01:40:25

Health: -7/139     AC: 18    Str: 14 (15) XL:     15   Next: 37%
Magic:  28/28      EV: 25    Int: 15 (17) God:    Okawaru [*****.]
Gold:   1353       SH:  0    Dex: 18 (19) Spells: 2 memorised, 10 levels left

rFire  + . .     SeeInvis .       - Unarmed
rCold  + . .     Clarity  .     (armour unavailable)
rNeg   . . .     SustAb   .     (no shield)
rPois  .         Gourm    .     P - +2 hat {MR+} {god gift}
rElec  .         Spirit   .     a - +1 cloak
rCorr  +         Warding  .     n - +1 pair of gloves {Dex+3} {god gift}
rMut   .         Stasis   .     E - +2 pair of boots {Stlth+} {god gift}
MR     ++...                    d - amulet of faith
Stlth  +++++.....               Q - ring of Descent {rF+ Int+1 Dex+3}
                                s - ring of protection from cold

@: heroism, very resistant to hostile enchantments, quite stealthy
A: spit acid, acid resistance, unfitting armour, camouflage 1, deterioration 1,
mutation resistance 1, acidic bite, cold-blooded, AC +9
a: Spit Acid, Heroism, Finesse, Renounce Religion


You were on level 3 of the Abyss.
You worshipped Okawaru.
Okawaru was extremely pleased with you.
You were not hungry.

You visited 3 branches of the dungeon, and saw 23 of its levels.
You visited the Abyss 1 time.
You also visited: Labyrinth.

You collected 2138 gold pieces.
You spent 785 gold pieces at shops.

Inventory:

Hand weapons
 q - a +5 greatsling of freezing {god gift}
Missiles
 f - 2 poisoned tomahawks
 x - 13 poisoned needles
 D - 2 javelins of penetration (quivered)
Armour
 a - a +1 cloak (worn)
 n - a +1 pair of gloves of dexterity (worn) {god gift}
 E - a +2 pair of boots of stealth (worn) {god gift}
 F - a +1 hat of intelligence {god gift}
 P - a +2 hat of magic resistance (worn) {god gift}
Jewellery
 d - an amulet of faith (around neck)
 l - an uncursed ring of see invisible
 s - a ring of protection from cold (left hand)
 A - an uncursed ring of teleport control
 H - an uncursed amulet of guardian spirit {unknown}
 O - an uncursed amulet of regeneration {unknown}
 Q - the ring of Descent (right hand) {rF+ Int+1 Dex+3}
   (You found it in a labyrinth)

   [ring of protection from fire]

   It affects your intelligence (+1).
   It affects your dexterity (+3).
   It protects you from fire.
 S - an uncursed amulet of warding {unknown}
Magical devices
 j - a wand of digging (9)
 u - a wand of paralysis (11)
Scrolls
 b - a scroll of summoning
 e - 6 scrolls of recharging
 g - 5 scrolls of immolation
 h - 5 scrolls of fog
 i - 6 scrolls of amnesia
 k - 2 scrolls of silence
 r - a scroll of vulnerability
 v - 7 scrolls of remove curse
 B - 5 scrolls of magic mapping
 J - 4 scrolls of fear
 N - 2 scrolls of enchant weapon
 Y - 2 scrolls of torment
Potions
 m - 2 potions of flight
 p - a potion of resistance
 C - 2 potions of restore abilities
 M - 2 potions of curing
 Z - a potion of magic
Books
 y - a book of Debilitation

   Spells                             Type                      Level
   a - Corona                         Hexes                        1
   b - Slow                           Hexes                        2
   c - Inner Flame                    Hexes/Fire                   3
   d - Enslavement                    Hexes                        4
   e - Cause Fear                     Hexes                        4
   f - Leda's Liquefaction            Hexes/Earth                  4
 I - a book of Transfigurations

   Spells                             Type                      Level
   a - Stoneskin                      Transmutation/Earth          2
   b - Irradiate                      Conjuration/Transmutation    5
   c - Statue Form                    Transmutation/Earth          6
   d - Hydra Form                     Transmutation                6
   e - Dragon Form                    Transmutation                7
Comestibles
 c - 10 meat rations
 o - 5 beef jerkies
 t - 16 fruits
 w - 8 bread rations
 z - 11 royal jellies


   Skills:
 + Level 14.9(19.9) Fighting
 + Level 10.2(15.2) Dodging
 - Level 1.7(6.7) Stealth
 * Level 18.8(23.8) Unarmed Combat
 - Level 10.0 Evocations


You had 10 spell levels left.
You knew the following spells:

 Your Spells              Type           Power        Failure   Level  Hunger
a - Apportation           Tloc           #.........   28%         1    ##.....
r - Regeneration          Chrm/Necr      #.........   80%         3    ####...


Dungeon Overview and Level Annotations

Branches:
Dungeon (14/15)            Temple (1/1) D:6            Lair (8/8) D:11
  Swamp (0/5) Lair:5       Spider (0/5) Lair:5        Slime (0/6) Lair:6
    Orc (0/4) D:10         Vaults (0/5) D:13

Altars:
Ashenzari
Cheibriados
Dithmenos
Elyvilon
Fedhas
Gozag
Kikubaaqudgha
Makhleb
Nemelex Xobeh
Okawaru
Qazlal
Ru
Sif Muna
Trog
Vehumet
Xom
Yredelemnul
Zin
The Shining One
Beogh

Shops:
D:11 !=   D:12 (   D:14 *

Portals:
Hell: Lair:8

Annotations:
D:14 Louise


Innate Abilities, Weirdness & Mutations

You can spit globs of acid.
You can corrode armour when you spit acid.
You are resistant to acid.
Your golden yellow scales are hard (AC +9).
Your body does not fit into most forms of armour.
You have acidic saliva.
Your cold-blooded metabolism reacts poorly to cold.
Your skin changes colour to match your surroundings (Stealth).
Your body is slowly deteriorating.
You are somewhat resistant to further mutation.


Message History

You hit the hellephant but do no damage.
The hellephant is heavily wounded.
Use which ability? (? or * to list)
You can't do that.
You barely miss the hellephant.
The hellephant is heavily wounded.
You feel less woody.
Your +1 cloak unmelds from your body.
Your +2 hat of magic resistance {god gift} unmelds from your body.
Your +1 pair of gloves of dexterity {god gift} unmelds from your body.
Your +2 pair of boots of stealth {god gift} unmelds from your body.
You feel resistant to hostile enchantments.
You feel agile.
You feel stealthy. The hellephant closely misses you.
The hellephant misses you.
The hellephant gores you but does no damage.
The orange demon screeches!
The smoke demon gestures at you. Something smites you!
You die...

. . # . # .. #
# #. ..# .# .
. . ### . .# #
. ##.##. .# ..
### ....#..###
. # .##.###...
. .
#...#.###.# .
#. #@.34.# # .
#..###.#.#.#.#
#.# #.#.
##Y#.. . # #
#...##. .# .
#.4# #.
##.##.#.#. .#
..# ##. # .# .
# . .# # ..#
## # ### .. #.
##. #


You could see a hellephant, an orange demon and a smoke demon.

Vanquished Creatures
  Frances (D:14)
  A tengu reaver (D:13)
  A minotaur (Lab)
  Harold (Lair:1)
  Nessos (D:14)
  7 hydras
  An ogre mage (D:13)
  Erica (Lair:2)
  4 centaur warriors (D:13)
  2 death yaks (Lair:3)
  3 thrashing horrors
  The ghost of KaKa the Carver, an experienced HuCK of Xom (D:7)
  Nergalle (Lair:1)
  A fire crab (Lair:8)
  A sun demon (Lair:8)
  An unseen horror (D:13)
  A sea snake (shapeshifter) (D:13)
  A wolf spider zombie (D:13)
  5 large abominations
  5 hill giants
  A griffon (Lair:8)
  An ugly thing (D:13)
  4 oklob plants
  A deep troll (D:13)
  A wizard (Lair:8)
  A worldbinder (Abyss:3)
  A cyclops (D:12)
  19 elephants
  3 sixfirhies
  3 black mambas
  2 gargoyles
  5 torpor snails
  2 smoke demons
  10 komodo dragons
  14 spiny frogs
  5 blue devils (Lair:8)
  2 ancient zymes (Abyss:3)
  A polar bear (Lair:3)
  A freezing wraith (D:13)
  5 red devils (Lair:8)
  4 fire drakes
  A giant leech (Lair:5)
  A fire drake (shapeshifter) (D:14)
  3 trolls
  7 blink frogs
  Grinder (D:4)
  4 deep elf magi
  A two-headed ogre (D:11)
  3 basilisks
  8 water elementals (D:13)
  8 hungry ghosts
  38 yaks
  2 shadows
  3 golden eyes (Abyss:3)
  A small abomination (Abyss:1)
  4 fire bats (Abyss:3)
  5 vampire mosquitoes
  3 wyverns
  9 hippogriffs
  A steam dragon (D:10)
  A soldier ant (D:10)
  Menkaure (D:7)
  12 water moccasins
  2 mottled dragons
  9 wolves
  11 porcupines
  8 phantoms
  5 sky beasts
  8 spiders (Lair:5)
  10 orc warriors
  A black bear (D:8)
  3 ice beasts
  13 centaurs
  2 necrophages
  17 crocodiles
  A boring beetle (Lair:7)
  9 ogres
  2 big kobolds
  A brain worm (D:13)
  16 giant frogs
  2 wyvern skeletons
  13 killer bees
  3 scorpions
  4 electric eels
  9 crimson imps
  5 centaur zombies
  A giant frog zombie (D:12)
  5 jellies
  20 wights
  8 hounds
  A giant frog skeleton (D:13)
  3 lava snakes (D:14)
  7 orc priests
  Crazy Yiuf (D:2)
  10 worker ants
  3 centaur skeletons
  8 orc wizards
  12 iguanas
  17 sheep
  Ijyb (D:2)
  A mummy (D:11)
  A hound skeleton (D:10)
  4 gnolls
  32 adders
  36 river rats
  2 giant mites
  4 shadow imps
  2 worms
  An ufetubus (Abyss:3)
  3 adder skeletons
  An adder zombie (D:9)
  6 oozes
  3 giant geckos
  54 orcs
  A bat skeleton (D:4)
  2 bat zombies
  13 hobgoblins
  22 jackals
  19 quokkas
  5 ball pythons
  A ball python skeleton (D:5)
  10 bats
  3 giant cockroaches
  5 giant newts
  13 goblins
  21 kobolds
  A quokka skeleton (D:5)
  14 rats
  2 ballistomycetes (D:8)
  A plant (D:11)
777 creatures vanquished.

Vanquished Creatures (collateral kills)
  Rupert (Lair:8)
  A dire elephant (Lair:8)
  A hydra (Lair:8)
  2 griffons (Lair:8)
  A spiny frog (Lair:8)
  A boulder beetle (Lair:8)
  A blink frog (Lair:8)
  A crocodile (Lair:8)
9 creatures vanquished.

Vanquished Creatures (others)
  A hornet (D:13)
  3 trapdoor spiders (Lair:8)
  A spider (Lair:8)
  An orc (D:10)
  2 giant spores
  4 fungi
  2 plants
  A starspawn tentacle (Abyss:1)
  131 starspawn tentacle segments (Abyss:1)
146 creatures vanquished.

Grand Total: 932 creatures vanquished

Notes
Turn   | Place    | Note
--------------------------------------------------------------
     0 | D:1      | PolkaDot, the Draconian Monk, began the quest for the Orb.
     0 | D:1      | Reached XP level 1. HP: 19/19 MP: 1/1
   223 | D:1      | Reached XP level 2. HP: 26/26 MP: 2/2
  1350 | D:2      | Reached XP level 3. HP: 31/33 MP: 3/3
  1566 | D:2      | Noticed Crazy Yiuf
  1587 | D:2      | Killed Crazy Yiuf
  1587 | D:2      | Reached XP level 4. HP: 36/40 MP: 4/4
  1909 | D:2      | Noticed Ijyb
  1934 | D:2      | Killed Ijyb
  1934 | D:2      | Reached skill level 5 in Unarmed Combat
  2190 | D:3      | Reached XP level 5. HP: 39/46 MP: 5/5
  2825 | D:3      | Learned a level 1 spell: Apportation
  3478 | D:4      | Noticed Grinder
  3482 | D:4      | Noticed an ogre
  3501 | D:4      | Killed an ogre
  3501 | D:4      | Reached XP level 6. HP: 53/53 MP: 6/6
  3512 | D:4      | Killed Grinder
  3512 | D:4      | Reached skill level 5 in Fighting
  3512 | D:4      | Reached skill level 6 in Unarmed Combat
  3513 | D:4      | Your scales start taking on a golden yellow colour.
  3513 | D:4      | Reached XP level 7. HP: 61/61 MP: 7/7
  3806 | D:5      | Entered Level 5 of the Dungeon
  4049 | D:5      | Reached skill level 7 in Unarmed Combat
  4840 | D:5      | Reached skill level 5 in Dodging
  4840 | D:5      | Reached XP level 8. HP: 48/70 MP: 8/8
  5061 | D:5      | Found a snail-covered altar of Cheibriados.
  5066 | D:5      | Reached skill level 8 in Unarmed Combat
  5376 | D:6      | Found a radiant altar of Vehumet.
  5660 | D:6      | Found a staircase to the Ecumenical Temple.
  5670 | Temple   | Entered the Ecumenical Temple
  5799 | Temple   | Became a worshipper of Warmaster Okawaru
  5799 | Temple   | Acquired Okawaru's first power
  5834 | D:6      | Reached skill level 9 in Unarmed Combat
  6647 | D:7      | Reached XP level 9. HP: 69/79 MP: 9/9
  6755 | D:7      | Noticed KaKa's ghost (experienced HuCK)
  6793 | D:7      | Killed KaKa's ghost
  6793 | D:7      | Reached skill level 10 in Unarmed Combat
  7257 | D:7      | Noticed Menkaure
  7262 | D:7      | Killed Menkaure
  7984 | D:8      | Reached skill level 11 in Unarmed Combat
  8016 | D:8      | Received a gift from Okawaru
  8121 | D:8      | Found a white marble altar of Elyvilon.
  8139 | D:8      | Reached XP level 10. HP: 80/89 MP: 10/10
  9258 | D:9      | Found a sacrificial altar of Ru.
  9305 | D:9      | You fall through a shaft for 3 floors!
  9361 | D:12     | Noticed a cyclops
  9411 | D:12     | Killed a cyclops
 10172 | D:12     | Reached skill level 12 in Unarmed Combat
 10343 | D:12     | Noticed a hill giant
 10350 | D:12     | Killed a hill giant
 10398 | D:12     | Found Estrogufi's Antique Weapon Boutique.
 10714 | D:12     | Noticed an eight-headed hydra
 10723 | D:12     | Killed an eight-headed hydra
 10723 | D:12     | Acquired Okawaru's second power
 10723 | D:12     | Reached XP level 11. HP: 54/99 MP: 8/11
 11018 | D:11     | Identified a scroll of acquirement
 11022 | D:11     | Found a staircase to the Lair.
 11066 | D:11     | Reached skill level 10 in Fighting
 11100 | D:11     | Found Qoptafor's Jewellery Shop.
 11116 | D:11     | Noticed a hill giant
 11135 | D:11     | Killed a hill giant
 11161 | D:11     | Reached skill level 13 in Unarmed Combat
 12076 | D:11     | Found Kuahaax's Distillery.
 12122 | D:10     | Entered Level 10 of the Dungeon
 12354 | D:10     | Received a gift from Okawaru
 12627 | D:10     | Noticed a hill giant
 12638 | D:10     | Killed a hill giant
 13210 | D:10     | XOM: enchant monster (good)
 13211 | D:10     | Gained mutation: Your muscles are strong. (Str +2) [helix card]
 13217 | D:10     | Gained mutation: You have sharp toenails. [helix card]
 14004 | D:9      | You fall through a shaft!
 14453 | D:10     | Found a roughly hewn altar of Beogh.
 14455 | D:10     | Found a staircase to the Orcish Mines.
 14694 | D:11     | Bought an uncursed amulet of faith for 640 gold pieces
 14795 | D:9      | Found an ancient bone altar of Kikubaaqudgha.
 14795 | D:9      | Found a deep blue altar of Sif Muna.
 14974 | D:9      | Learned a level 3 spell: Regeneration
 15096 | D:9      | Found a shadowy altar of Dithmenos.
 15211 | Lair:1   | Entered Level 1 of the Lair of Beasts
 15437 | Lair:1   | Reached skill level 14 in Unarmed Combat
 15563 | Lair:1   | Noticed Nergalle
 15586 | Lair:1   | Killed Nergalle
 15586 | Lair:1   | Reached XP level 12. HP: 108/108 MP: 12/12
 15751 | Lair:1   | Noticed a five-headed hydra
 15761 | Lair:1   | Killed a five-headed hydra
 16500 | Lair:1   | Lost mutation: Your muscles are strong. (Str +2) [potion of cure mutation]
 16500 | Lair:1   | Lost mutation: You have sharp toenails. [potion of cure mutation]
 16573 | Lair:1   | HP: 3/110 [komodo dragon (27)]
 17545 | Lair:1   | Noticed Harold
 17584 | Lair:1   | Killed Harold
 18092 | Lair:2   | Reached skill level 10 in Dodging
 18296 | Lair:2   | Found a white marble altar of Elyvilon.
 18825 | Lair:2   | Found a burning altar of Makhleb.
 18837 | Lair:2   | Noticed Erica
 18847 | Lair:2   | Killed Erica
 18847 | Lair:2   | Reached skill level 15 in Unarmed Combat
 19220 | Lair:2   | Received a gift from Okawaru
 19689 | Lair:3   | Reached skill level 1 in Evocations
 19761 | Lair:3   | Found a staircase to the Shoals.
 20106 | Lair:3   | Received a gift from Okawaru
 20124 | Lair:3   | Got a transparent arbalest {god gift}
 20125 | Lair:3   | Identified the +6 arbalest "Kifyppiewk" {god gift, venom, rC++ Str+3} (Okawaru gifted it to you on level 3 of the Lair of Beasts)
 20790 | Lair:3   | Reached XP level 13. HP: 56/118 MP: 18/18
 21139 | Lair:3   | Received a gift from Okawaru
 21619 | Lair:4   | Found a labyrinth entrance.
 21635 | Lab      | Entered a labyrinth
 21960 | Lab      | Reached skill level 16 in Unarmed Combat
 21966 | Lab      | Got a warped copper ring
 21968 | Lab      | Identified the ring of Descent {rF+ Int+1 Dex+3} (You found it in a labyrinth)
 22315 | Lair:4   | Received a gift from Okawaru
 22669 | Lair:4   | Reached skill level 5 in Evocations
 23247 | Lair:4   | Found a snail-covered altar of Cheibriados.
 23290 | Lair:4   | Received a gift from Okawaru
 23926 | Lair:5   | Found a hole to the Spider Nest.
 25019 | Lair:5   | Found a staircase to the Swamp.
 26095 | Lair:6   | Got a pair of steaming boots
 26106 | Lair:6   | Identified the -3 pair of boots of Contentment {+Blink Str+1} (You acquired it on level 6 of the Lair of Beasts)
 26231 | Lair:6   | Reached skill level 17 in Unarmed Combat
 26233 | Lair:6   | Gained mutation: You have acidic saliva. [draconian growth]
 26233 | Lair:6   | Reached XP level 14. HP: 98/129 MP: 22/24
 26481 | Lair:6   | Found a staircase to the Slime Pits.
 27874 | Lair:8   | Entered Level 8 of the Lair of Beasts
 27945 | Lair:8   | Noticed Rupert
 27960 | Lair:8   | Gained mutation: Your body is slowly deteriorating. [potion of mutation]
 27960 | Lair:8   | Gained mutation: Your skin changes colour to match your surroundings (Stealth). [potion of mutation]
 27960 | Lair:8   | Gained mutation: You are somewhat resistant to further mutation. [potion of mutation]
 27983 | Lair:8   | Killed Rupert
 27983 | Lair:8   | Received a gift from Okawaru
 29117 | Lair:8   | Found a burning altar of Makhleb.
 29592 | Lair:8   | Found a gateway to Hell.
 30838 | D:13     | Received a gift from Okawaru
 31022 | D:13     | Reached skill level 18 in Unarmed Combat
 32536 | D:13     | Found a gate to the Vaults.
 32799 | D:13     | Noticed a tengu reaver
 32843 | D:13     | HP: 6/133 [battlesphere[a tengu reaver] (4)]
 32846 | D:13     | HP: 1/133 [poisoned by a tengu reaver (bolt of poison)]
 33237 | D:13     | Killed a tengu reaver
 33237 | D:13     | Reached XP level 15. HP: 104/139 MP: 25/27
 33540 | D:14     | Noticed Frances
 33779 | D:14     | Killed Frances
 33804 | D:14     | Found Cleceups' Assorted Antiques.
 33816 | D:14     | Bought a scroll labeled STOEPY CLOEZI for 29 gold pieces
 33816 | D:14     | Bought 2 scrolls of identify for 116 gold pieces
 34008 | D:14     | Noticed Nessos
 34024 | D:14     | Killed Nessos
 34367 | D:14     | Noticed Louise
 34392 | D:14     | Cast into the Abyss (Louise)
 34492 | Abyss:1  | Noticed a tentacled starspawn
 34717 | Abyss:1  | Found a corrupted altar of Lugonu.
 34739 | Abyss:1  | Received a gift from Okawaru
 34934 | Abyss:1  | Noticed a bone dragon
 35108 | Abyss:3  | Reached skill level 10 in Evocations
 35270 | Abyss:3  | Noticed a hellephant
 35305 | Abyss:3  | HP: 7/208 [smoke demon/divine providence (7)]
 35310 | Abyss:3  | Killed from afar by a smoke demon

Action                   |  1- 3 |  4- 6 |  7- 9 | 10-12 | 13-15 || total
-------------------------+-------+-------+-------+-------+-------++-------
Melee: Unarmed           |   107 |   197 |   470 |  1159 |  1389 ||  3322
Throw: Javelin           |       |       |       |    16 |     8 ||    24
       Tomahawk          |       |       |       |       |     2 ||     2
 Cast: Regeneration      |       |       |       |       |     7 ||     7
Invok: Heroism           |       |       |     1 |    17 |    17 ||    35
 Abil: Spit Acid         |       |       |     6 |     5 |     2 ||    13
Evoke: Wand              |       |       |     8 |    13 |    18 ||    39
       Deck              |       |       |       |     6 |       ||     6
       Sack of spiders   |       |       |       |       |    13 ||    13
  Use: Potion            |     5 |     3 |     3 |    10 |    14 ||    35
       Scroll            |       |     8 |     3 |    15 |    15 ||    41
 Stab: Sleeping          |     4 |     4 |     4 |     2 |    21 ||    35
       Confused          |       |       |       |       |     7 ||     7
       Invisible         |       |       |       |       |     2 ||     2
       Distracted        |       |       |       |       |     8 ||     8
  Eat: Chunk             |     2 |     6 |    12 |    13 |    30 ||    63
       Meat ration       |       |       |     1 |     2 |       ||     3
       Bread ration      |       |       |       |     3 |     2 ||     5
       Beef jerky        |       |       |       |     1 |       ||     1
       Fruit             |       |       |       |       |    11 ||    11
